 Dungeon Crawl Stone Soup version 0.31.0-9-g3a7656b989 (webtiles) character file.

Game seed: 7893027190108960633

420 shadowrider38 the Conjurer (level 6, -4/45 HPs)
             Began as an Armataur Conjurer on Jan 24, 2024.
             Slain by a human zombie (7 damage)
             ... in an ossuary.
             The game lasted 00:11:21 (1867 turns).

shadowrider38 the Conjurer (Armataur Conjurer)      Turns: 1867, Time: 00:11:21

Health: -4/45      AC:  5    Str: 12    XL:     6   Next: 62%
Magic:  6/11       EV:  9    Int: 20    God:
Gold:   321        SH:  0    Dex:  9    Spells: 5/12 levels left

rFire   . . .        a - +0 dagger (drain)
rCold   . . .        (no shield)
rNeg    . . .        p - +0 leather armour
rPois   .            n - +0 helmet
rElec   .            (no cloak)
rCorr   .            (no gloves)
SInv    .            (no barding)
Will    .....        (no amulet)
Stlth   +            (no ring)
HPRegen 0.27/turn    (no ring)
MPRegen 1.11/turn

%: roll
@: slightly contaminated
A: large, deformed body, tough skin 3, armoured tail, roll 1
a: no special abilities


You were in an ossuary.
You visited 1 branch of the dungeon, and saw 5 of its levels.
You also visited: Ossuary.

You collected 321 gold pieces.

Inventory:

Hand Weapons
 a - a +0 dagger of draining (weapon)
 l - a +0 dagger of distortion
 o - a +2 dagger of speed
Missiles
 t - 5 boomerangs
 F - 6 curare-tipped darts
Armour
 c - an orb of guile
 n - a +0 helmet (worn)
 p - a +0 leather armour (worn)
Wands
 P - a wand of paralysis (9)
Scrolls
 f - a scroll of identify {unknown}
 g - 2 scrolls of poison
 i - 2 scrolls of teleportation {unknown}
 j - a scroll of vulnerability {unknown}
 m - 2 scrolls of summoning {unknown}
Potions
 d - 4 potions of curing {unknown}
 e - 2 potions of attraction {unknown}
 h - a potion of heal wounds {unknown}
 k - a potion of mutation {unknown}
 q - a potion of degeneration {unknown}


   Skills:
 - Level 1.3 Dodging
 - Level 2.1 Stealth
 - Level 3.5 Spellcasting
 + Level 5.1 Conjurations
 * Level 3.9 Translocations


You had 5 spell levels left.
You knew the following spells:

 Your Spells              Type           Power      Damage    Failure   Level
a - Magic Dart            Conj           96%        1d7       1%          1
b - Searing Ray           Conj           48%        2d6       3%          2
c - Iskenderun's Mystic   Conj/Tloc      21%        2d6       26%         4

Your spell library contained the following spells:

 Spells                   Type           Power      Damage    Failure   Level
 Jinxbite                 Hex            6%         N/A       26%         2
 Manifold Assault         Tloc           19%        N/A       32%         4
 Fugue of the Fallen      Necr           3%         N/A       45%         3
 Ozocubu's Armour         Ice            3%         N/A       45%         3
 Fulminant Prism          Conj/Alch      6%         3d7       52%         4
 Vhi's Electric Charge    Tloc/Air       22%        N/A       58%         4
 Arcjolt                  Conj/Air       6%         1d16      86%         5
 Yara's Violent Unravell  Hex/Alch       1%         3d3       99%         5
 Enfeeble                 Hex            1%         N/A       100%        7
 Maxwell's Capacitive Co  Air            1%         ∞         100%        8


Dungeon Overview and Level Annotations

Branches:
Dungeon (5/15) Zot: 26644 Ossuary (1/1) Zot: 5984
 Temple: D:4-7

Altars:
Dithmenos
Fedhas
Hepliaklqana
Makhleb
Okawaru
Vehumet


Innate Abilities, Weirdness & Mutations

Armour fits poorly on your strangely shaped body.
You have extremely tough skin. (AC +3)
You have a long armoured tail.
You regenerate magic when rolling toward enemies. (Rampage MPRegen)


Message History

Okay, then.
Okay, then.
Magic courses through your body. The elf zombie barely misses you.
The centaur zombie hits you. The centaur zombie closely misses you.
The human zombie hits you.
* * * LOW HITPOINT WARNING * * *
The mummy closely misses you.
Casting: Iskenderun's Mystic Blast (quite dangerous; 26% risk of failure)
Confirm with . or Enter, or press ? or * to list all spells.
You erupt in a blast of force!
The mystic blast hits the centaur zombie!
The centaur zombie is moderately damaged.
The centaur zombie is knocked back by the mystic blast.
The centaur zombie slams into the stone wall!
The centaur zombie is moderately damaged.
The mystic blast hits the elf zombie.
The elf zombie is lightly damaged.
The elf zombie is knocked back by the mystic blast.
The elf zombie slams into the stone wall!
The elf zombie is lightly damaged.
The mystic blast hits the mummy!
The mummy is heavily damaged.
The mummy is knocked back by the mystic blast.
The mystic blast hits the human zombie!
The human zombie is lightly damaged.
The human zombie is knocked back by the mystic blast.
The human zombie slams into the stone wall!
The human zombie is moderately damaged.
Casting: Iskenderun's Mystic Blast (quite dangerous; 26% risk of failure)
Confirm with . or Enter, or press ? or * to list all spells.
Okay, then.
Okay, then.
Unknown command.
Unknown command.
Press: ? - help, v - describe, . - travel
Here: a human zombie (moderately damaged)
The floor.
Unknown command.
Unknown command.
Unknown command.
Unknown command.
Unknown command.
Casting: Iskenderun's Mystic Blast (quite dangerous; 26% risk of failure)
Confirm with . or Enter, or press ? or * to list all spells.
You miscast Iskenderun's Mystic Blast.
You are lightly contaminated with residual magic.
Sparks fly from your hands!
* * * LOW HITPOINT WARNING * * *
The human zombie hits you!
You die...

#+# ##### ###.###
##...## ##.....##
#.....# #.......#
##...Z.###...∩...##
#M...Z..'...∩∩∩...+
##...@.###...∩...##
#..Z..# #.......#
##...## ##.....##
##### ###.### #+#


You could see a mummy, an elf zombie, a centaur zombie and a human zombie.

Vanquished Creatures
  Eustachio (D:4)
  A howler monkey (D:4)
  An orc priest (D:3)
  Ijyb (D:4)
  Robin (D:2)
  9 adders
  5 dart slugs
  2 ribbon worms
  3 orcs (D:3)
  4 ball pythons
  4 bats
  6 endoplasms
  4 giant cockroaches
  16 goblins
  5 hobgoblins
  3 jackals (D:1)
  4 quokkas
  3 frilled lizards
  6 kobolds
  2 rats (D:1)
81 creatures vanquished.

Notes
Turn   | Place    | Note
-------+----------+-------------------------------------------
     0 | D:1      | shadowrider38 the Armataur Conjurer began the quest for the
                  | Orb.
     0 | D:1      | Reached XP level 1. HP: 14/14 MP: 3/3
   156 | D:1      | Reached XP level 2. HP: 20/20 MP: 5/5
   159 | D:1      | Learned a level 2 spell: Searing Ray
   484 | D:2      | Reached XP level 3. HP: 26/26 MP: 6/6
   490 | D:2      | Reached skill level 4 in Conjurations
   891 | D:2      | Noticed Robin
   924 | D:2      | Killed Robin
   933 | D:2      | Reached XP level 4. HP: 21/33 MP: 5/7
  1072 | D:3      | Learned a level 4 spell: Iskenderun's Mystic Blast
  1125 | D:3      | Found an iron altar of Okawaru.
  1158 | D:3      | Found a shadowy altar of Dithmenos.
  1214 | D:3      | Found a radiant altar of Vehumet.
  1269 | D:3      | Found a blossoming altar of Fedhas.
  1278 | D:3      | Reached XP level 5. HP: 37/38 MP: 5/9
  1285 | D:3      | Reached skill level 3 in Spellcasting
  1307 | D:3      | Found a faded altar of an unknown god.
  1497 | D:5      | Entered Level 5 of the Dungeon
  1536 | D:4      | Noticed Eustachio
  1544 | D:4      | Killed Eustachio
  1545 | D:4      | Reached skill level 3 in Translocations
  1545 | D:4      | Reached XP level 6. HP: 30/45 MP: 3/11
  1599 | D:4      | Reached skill level 5 in Conjurations
  1725 | D:4      | Found a burning altar of Makhleb.
  1725 | D:4      | Noticed a green death
  1740 | D:4      | Found a hazy altar of Hepliaklqana.
  1754 | D:4      | Noticed Ijyb
  1755 | D:4      | Paralysed by Ijyb for 3 turns
  1764 | D:4      | Killed Ijyb
  1784 | D:4      | Found a sand-covered staircase.
  1852 | Ossuary  | Entered an ossuary
  1867 | Ossuary  | Slain by a human zombie

Illustrated notes

Levels and vault maps discovered:
D:1:      mrwooster_arrival_arrow, layout_loops_ring
D:2:      layout_basic, uniq_robin
D:3:      layout_loops_ring, nicolae_vehumet_radiance,
          mainiacjoe_overflow_small_starburst, mainiacjoe_overflow_boulevard,
          amcnicky_altar_gilded, basic_ecumenical_altar, saegor_snake_ambush
D:4:      layout_basic, lemuel_round_altar, makhleb_altar_promises_db,
          nicolae_ossuary_entry_monument, uniq_ijyb, uniq_eustachio
D:5:      layout_loops_ring, nicolae_ru_sacrificial_ziggurat, lemuel_tele_altar,
          evilmike_ruin_ashenzari, minmay_temple_entry_grid, uniq_edmund
Ossuary:  ossuary_minmay_four_chambers

Skill      XL: |  1  2  3  4  5  6 |
---------------+-------------------+-----
Spellcasting   | 2 3 |  3.5
Translocations | 1 2 3 |  3.9
Conjurations   | 4 5 |  5.1
Dodging        | |  1.3
Stealth        | |  2.1

Action                     |  1- 3 |  4- 6 || total
---------------------------+-------+-------++-------
  Melee: Unarmed           |     4 |       ||     4
         Dagger            |     7 |    10 ||    17
         Tailslap          |     1 |     1 ||     2
  Throw: Dart              |       |     2 ||     2
   Cast: Magic Dart        |    31 |     3 ||    34
         Searing Ray       |    18 |    36 ||    54
         Iskenderun's Myst |       |     1 ||     1
    Use: Scroll            |       |     1 ||     1
         Potion            |       |     1 ||     1
   Stab: Sleeping          |     3 |       ||     3
 Armour: Robe              |    33 |    13 ||    46
         Leather armour    |       |    36 ||    36
  Dodge: Dodged            |    24 |    26 ||    50
